 Dungeon Crawl Stone Soup version 0.31-a0-996-g3b49de5836 (webtiles) character file.

Game seed: 5106985966838185781

23 Nedwor the Ducker (level 3, 28/28 HPs)
             Began as a Merfolk Gladiator on Nov 6, 2023.
             Quit the game on level 1 of the Dungeon on Nov 7, 2023.
             The game lasted 00:00:42 (476 turns).

Nedwor the Ducker (Merfolk Gladiator)                Turns: 476, Time: 00:00:43

Health: 28/28      AC:  4    Str: 14    XL:     3   Next: 0%
Magic:  3/3        EV: 13    Int:  7    God:
Gold:   30         SH:  0    Dex: 17    Spells: 2/2 levels left

rFire   . . .        a - +0 long sword
rCold   . . .        (no shield)
rNeg    . . .        b - +0 leather armour
rPois   .            c - +0 helmet
rElec   .            (no cloak)
rCorr   .            (no gloves)
SInv    .            (no boots)
Will    .....        (no amulet)
Stlth   +            (no ring)
HPRegen 0.24/turn    (no ring)
MPRegen 0.08/turn

%: no passive effects
@: no status effects
A: (nimble swimmer 2), mertail
a: no special abilities


You were on level 1 of the Dungeon.
You visited 1 branch of the dungeon, and saw 1 of its levels.

You collected 30 gold pieces.

Inventory:

Hand Weapons
 a - a +0 long sword (weapon)
Missiles
 d - 3 throwing nets (quivered)
 e - a javelin
Armour
 b - a +0 leather armour (worn)
 c - a +0 helmet (worn)
Jewellery
 g - a +4 ring of protection
Scrolls
 f - a scroll of torment {unknown}
 h - 2 scrolls of immolation {unknown}
 i - a scroll of enchant armour {unknown}
 j - a scroll of blinking {unknown}
Potions
 k - a potion of haste {unknown}


   Skills:
 + Level 2.6 Fighting
 * Level 4.3 Long Blades
 - Level 2.0 Throwing
 + Level 4.4 Dodging


You had 2 spell levels left.
You didn't know any spells.
Your spell library was empty.

Dungeon Overview and Level Annotations

Branches:
Dungeon (1/15)

Altars:


Innate Abilities, Weirdness & Mutations

((You are very nimble when in or above water. (Stealth+, EV+, Speed+++)))
Your lower body shifts to a powerful aquatic tail in water.


Message History

No target in view!
No target in view!
No target in view!
A giant cockroach comes into view.
A giant cockroach is nearby!
A giant cockroach is nearby!
Welcome back, Nedwor the Merfolk Gladiator.
Press ? for a list of commands and other information.
A quokka comes into view.
The giant cockroach bites you but does no damage.
You completely miss the giant cockroach.
The giant cockroach bites you but does no damage.
The giant cockroach barely misses you.
You barely miss the giant cockroach. The giant cockroach misses you.
You barely miss the giant cockroach.
The giant cockroach bites you but does no damage.
The giant cockroach bites you.
You closely miss the quokka. The quokka misses you.
The giant cockroach bites you. The quokka closely misses you.
Unknown command.
You barely miss the quokka. The giant cockroach misses you.
The quokka bites you. The giant cockroach barely misses you.
Unknown command.
You hit the quokka.
You kill the quokka!
The giant cockroach misses you.
You slash the giant cockroach!
You kill the giant cockroach!
You have reached level 3!
Your experience leads to an increase in your attributes!
Increase (S)trength, (I)ntelligence, or (D)exterity?
You feel agile. x2
HP restored.
You see here a giant cockroach corpse.
Found a faded altar of an unknown god.
You see here a quokka corpse.
Found a ring mail.
Found a stone staircase leading down.
No target in view!
Are you sure you want to abandon this character and quit the game? (Confirm with "yes".)

####.#......##...#
#...####.##†..#
##..####..#...#
#....#.......#
#.##.#.##.####
#......##..#
#####..###..##.#
####.....##
##....##
.....###.##
###@..#
...#......#
#>.........
##.#......#
#..........
#........#
#..[.......
###......#
#..........
########
###########


There were no monsters in sight!

Vanquished Creatures
  A ball python (D:1)
  An endoplasm (D:1)
  A giant cockroach (D:1)
  2 hobgoblins (D:1)
  4 jackals (D:1)
  2 quokkas (D:1)
  2 bats (D:1)
  A frilled lizard (D:1)
  3 goblins (D:1)
  A kobold (D:1)
  3 rats (D:1)
21 creatures vanquished.

Notes
Turn   | Place    | Note
-------+----------+-------------------------------------------
     0 | D:1      | Nedwor the Merfolk Gladiator began the quest for the Orb.
     0 | D:1      | Reached XP level 1. HP: 16/16 MP: 1/1
    63 | D:1      | Reached XP level 2. HP: 18/23 MP: 2/2
   383 | D:1      | Upgraded the game from 0.31-a0-995-g04711c9635 to
                  | 0.31-a0-996-g3b49de5836
   392 | D:1      | Reached XP level 3. HP: 22/28 MP: 3/3
   423 | D:1      | Found a faded altar of an unknown god.
   476 | D:1      | Quit the game

Illustrated notes

Levels and vault maps discovered:
D:1:      scummos_arrival_hexagon, layout_rooms,
          ebering_ecumenical_altar_petrified, amcnicky_mini_rare_corridor_liquid

Skill      XL: |  1 |
---------------+----+-----
Long Blades    | 4 |  4.3
Fighting       | |  2.6
Throwing       | |  2.0
Dodging        | |  4.4

Action                     || total
---------------------------++-------
  Melee: Long sword        ||    56
 Armour: Leather armour    ||    48
  Dodge: Dodged            ||    59

Table legend: (Time is in decaauts)
 A = Elapsed time spent in this place.
 B = Non-inter-level travel time spent in this place.
 C = Inter-level travel time spent in this place.
 D = Time resting spent in this place.
 E = Time spent auto-exploring this place.
 F = Levels seen in this place.
 G = Mean time per level.
                   A        B        C        D        E       F      G
               +--------+--------+--------+--------+--------+-----+--------+
         Total |    487 |    487 |      0 |      0 |    354 |   1 |  487.0 |
       Dungeon |    487 |    487 |      0 |      0 |    354 |   1 |  487.0 |
               +--------+--------+--------+--------+--------+-----+--------+

Top non-repeatable levels by time:
     D:1: 487 daAuts
